Map: Blackrock LE

Players

GhostRobo - Winner!

  • Race: Terran Terran
  • League: Silver
  • Spawn Location: 7:00

Daniel

  • Race: Terran Terran
  • League: Silver
  • Spawn Location: 1:00

VOD

Have the link to the VOD?

Description

Time

  • Played on: July 10, 2026, 12:27 p.m.
  • Length: 21:21
Show
View Real Time Build Order
Export as new Build Order

GhostRobo Terran - Winner!

Build Orders: Reaper Expand 

Get SALT Encoding   

  8  0:01  SCV  
  9  0:13  SCV  
  10  0:25  SCV  
  11  0:30  Supply Depot  
  11  0:37  SCV  
  12  0:50  SCV  
  13  0:58  Barracks  
  13  1:05  Refinery  
  13  1:07  SCV  
  14  1:19  SCV  
  15  1:31  SCV  
  16  1:45  Orbital Command  
  16  1:48  Reaper  
  17  2:14  Command Center  
  17  2:15  SCV  
  18  2:25  Supply Depot  
  18  2:26  Marine  
  19  2:31  SCV  
  20  2:47  Barracks Reactor  
  20  2:51  SCV  
  21  3:03  SCV  
  21  3:15  SCV  
  22  3:27  SCV  
  22  3:28  Factory  
  22  3:29  Refinery, Orbital Command  
  22  3:31  Marine x2  
  25  3:39  SCV  
  26  3:43  Supply Depot  
  26  3:53  Marine x2  
  28  3:56  SCV x2  
  30  4:08  SCV x2  
  32  4:13  Bunker  
  32  4:16  Factory Tech Lab  
  32  4:20  SCV x2  
  34  4:25  Starport  
  34  4:29  Supply Depot  
  34  4:30  Marine x2  
  36  4:32  SCV x2  
  36  4:37  Siege Tank  
  41  4:44  SCV x2  
  43  4:56  SCV x2  
  45  5:06  Starport Reactor  
  45  5:08  SCV x2  
  45  5:09  Cyclone  
  50  5:20  SCV x2  
  52  5:23  Barracks  
  52  5:24  Barracks  
  52  5:25  Barracks  
  52  5:27  Barracks  
  52  5:32  SCV  
  52  5:33  SCV  
  54  5:36  Refinery  
  54  5:37  Refinery  
  54  5:39  Engineering Bay  
  54  5:42  Marine, Engineering Bay  
  55  5:43  Marine  
  55  5:44  SCV  
  55  5:45  SCV  
  58  5:56  Supply Depot  
  58  5:58  Supply Depot  
  58  6:18  Medivac x2, SCV x2  
  64  6:26  Barracks Tech Lab  
  64  6:27  Barracks Tech Lab, Barracks Reactor  
  64  6:29  Marine x2  
  64  6:30  SCV x2  
  68  6:33  Barracks Reactor  
  68  6:36  Siege Tank  
  71  6:42  SCV x2  
  71  6:47  Marine  
  74  7:05  Supply Depot  
  74  7:09  Supply Depot  
  74  7:16  Command Center  
  74  7:19  Supply Depot  
  74  7:20  Terran Infantry Weapons Level 1  
  74  7:26  Marine x7, SCV  
  82  7:31  Medivac x2, SCV, Siege Tank  
  82  7:33  Supply Depot  
  90  7:40  Marine  
  90  7:41  SCV  
  90  7:43  SCV  
  93  7:44  Marine x5  
  98  7:54  Marine x2, SCV  
  98  7:55  SCV  
  102  7:58  Marine  
  102  8:01  Viking  
  105  8:06  SCV  
  106  8:15  Supply Depot x3  
  106  8:27  Marine x6  
  106  8:28  Medivac, SCV x2, Siege Tank  
  119  8:36  Liberator, Marine, Marauder  
  119  8:40  SCV x2, Supply Depot  
  127  8:42  Orbital Command  
  127  8:45  Supply Depot  
  127  8:46  Refinery, Marauder  
  129  8:52  SCV  
  130  8:57  Liberator  
  130  8:59  SCV  
  134  9:03  Armory  
  129  9:11  Refinery  
  129  9:19  Liberator  
  126  9:40  Viking  
  125  9:54  Missile Turret  
  125  9:58  Marine x2  
  125  9:59  Marine x6  
  133  10:02  Viking  
  135  10:10  Viking  
  135  10:14  SCV x3  
  138  10:16  Marine x8  
  138  10:18  Siege Tank  
  138  10:19  Command Center  
  151  10:26  SCV x3  
  151  10:28  Missile Turret  
  154  10:30  Command Center  
  154  10:32  Viking  
  154  10:34  Marine x3  
  159  11:10  Marine x2  
  159  11:12  Marine x2, Viking x2, Missile Turret x2  
  159  11:13  Marine  
  159  11:14  SCV x2, Marine x2  
  159  11:16  Marine  
  150  11:27  Marine x2  
  150  11:29  Marine  
  150  11:30  Marine x2  
  150  11:32  Marine x2, Planetary Fortress  
  157  11:34  Marine  
  152  11:42  Viking x2  
  152  11:45  Marine  
  151  11:47  Marine  
  151  11:48  Marine x3  
  151  11:49  Siege Tank  
  151  11:50  Marine x2  
  151  11:52  Marine  
  161  11:56  Terran Infantry Weapons Level 2  
  161  11:57  Terran Infantry Armor Level 1  
  161  12:03  Marine  
  161  12:05  Marine  
  161  12:06  Marine x3  
  161  12:07  Marine  
  167  12:12  Medivac, Viking  
  171  12:18  Stimpack, Combat Shield  
  171  12:21  Siege Tank  
  174  12:24  Marauder  
  174  12:26  Marauder  
  174  12:28  Barracks  
  174  12:29  Barracks  
  178  12:30  Barracks  
  178  12:31  Barracks  
  178  12:33  Barracks  
  178  12:35  Barracks  
  178  12:36  Factory  
  178  12:42  Viking x2  
  182  12:45  Marauder  
  184  12:56  Supply Depot  
  184  13:02  Terran Vehicle Weapons Level 1  
  184  13:05  Supply Depot  
  184  13:06  Supply Depot  
  184  13:08  Supply Depot  
  184  13:18  Viking, Siege Tank, Marauder x2  
  184  13:19  Supply Depot  
  193  13:26  Viking  
  187  13:39  Marauder x2  
  176  13:42  Supply Depot  
  176  13:48  Viking  
  160  13:55  Marine x3  
  160  13:56  Viking  
  160  14:01  Marauder x2  
  168  14:17  Marine x6  
  165  14:18  Viking  
  165  14:19  Barracks Tech Lab x2  
  165  14:20  Barracks Reactor x3  
  165  14:22  SCV x3, Marauder x2  
  179  14:26  Viking  
  181  14:44  Marauder  
  172  15:00  Planetary Fortress  
  172  15:06  Factory Tech Lab  
  172  15:11  Command Center  
  168  15:40  Marine x7  
  168  15:41  Marauder x3  
  152  16:29  Marine x4  
  156  16:39  Barracks Tech Lab  
  156  16:40  Missile Turret  
  156  16:41  Missile Turret  
  156  16:45  Missile Turret  
  156  17:05  Planetary Fortress  
  156  17:13  Missile Turret x2  
  156  17:14  Missile Turret  
  156  17:18  Missile Turret  
  155  18:19  Refinery  
  155  18:33  Marine x6  
  155  18:34  Marine x3, Command Center  
  164  18:37  Cyclone x2  
  164  18:39  Viking x2  
  174  18:44  Refinery  
  174  19:09  Viking x2  
  172  19:32  Marine x4, Marauder  
  172  19:33  Marine x3, Marauder, Siege Tank  
  172  19:34  Siege Tank  
  189  19:39  Viking x2  
  193  20:06  Siege Tank x2  
  199  20:09  Viking  
  199  21:14  Command Center x2  
  199  21:17  Command Center  
Show
View Real Time Build Order
Export as new Build Order

Daniel Terran 

Build Orders:  

Get SALT Encoding   

  8  0:00  SCV  
  9  0:12  SCV  
  10  0:24  SCV  
  11  0:39  SCV  
  12  0:42  Supply Depot  
  12  0:50  Engineering Bay  
  12  0:51  SCV  
  13  1:04  SCV  
  14  1:13  Barracks  
  14  1:17  SCV  
  15  1:28  Supply Depot  
  15  1:29  SCV  
  16  1:38  Refinery  
  16  1:41  SCV  
  17  1:58  Barracks  
  17  1:59  SCV  
  18  2:11  SCV, Bunker  
  18  2:13  Marine  
  20  2:23  SCV  
  20  2:27  Refinery  
  21  2:31  Marine  
  22  2:38  Orbital Command  
  22  2:46  Marine  
  22  2:49  Marine  
  24  3:03  Marine  
  25  3:16  SCV  
  26  3:21  Marine  
  26  3:26  Barracks Tech Lab  
  27  3:28  SCV  
  27  3:31  Factory  
  28  3:37  Terran Infantry Weapons Level 1  
  28  4:05  Supply Depot, Command Center  
  28  4:11  Missile Turret  
  28  4:17  Missile Turret  
  28  4:27  Marauder  
  28  4:28  SCV  
  31  4:35  Missile Turret  
  31  4:40  SCV  
  31  4:44  Missile Turret  
  32  4:47  Stimpack  
  32  4:53  SCV  
  33  5:07  Missile Turret  
  33  5:08  Factory Tech Lab  
  33  5:09  Engineering Bay  
  33  5:11  SCV  
  34  5:18  Marauder  
  34  5:19  Marine  
  34  5:20  Missile Turret  
  37  5:25  SCV  
  37  5:27  SCV  
  39  5:34  Siege Tank  
  42  5:36  Marine  
  42  5:39  Terran Infantry Armor Level 1, Marine  
  44  5:45  SCV  
  44  5:46  Supply Depot  
  44  5:47  SCV  
  46  5:53  Hi-Sec Auto Tracking  
  46  5:57  SCV  
  46  5:59  SCV, Refinery  
  48  6:04  Refinery  
  48  6:09  SCV  
  48  6:11  SCV  
  50  6:15  Marine, Marauder  
  53  6:26  Combat Shield, Missile Turret  
  53  6:28  Missile Turret  
  53  6:29  Widow Mine  
  55  6:37  Factory  
  55  6:42  SCV  
  55  6:44  SCV  
  57  6:50  Neosteel Armor  
  57  6:59  SCV  
  58  7:06  Supply Depot  
  58  7:08  Supply Depot x2  
  58  7:20  Starport  
  58  7:23  Factory Tech Lab  
  58  7:24  Armory  
  58  7:28  SCV x2, Siege Tank  
  63  7:40  SCV x2  
  65  7:57  Command Center  
  65  7:59  Starport Tech Lab  
  65  8:00  Widow Mine  
  65  8:01  Fusion Core  
  64  8:25  Starport  
  64  8:28  Starport  
  64  8:39  Liberator  
  67  8:51  Terran Vehicle And Ship Armor Level 1  
  67  9:00  Siege Tank  
  67  9:02  Hellion  
  72  9:04  Marine x2  
  74  9:21  Marine  
  74  9:22  Marine  
  74  9:24  Hellion  
  78  9:33  Hellion  
  80  9:39  Marine x2  
  80  9:45  Hellion  
  81  9:52  Viking  
  81  9:53  Viking x2  
  87  10:04  Marine x2  
  87  10:10  Siege Tank  
  87  10:11  Supply Depot  
  87  10:12  Supply Depot x2  
  90  10:18  Supply Depot  
  90  10:26  Concussive Shells  
  90  10:33  Marine, Thor, Viking  
  99  10:42  Thor  
  105  10:45  Command Center  
  105  10:46  Marine  
  104  10:50  Marine  
  100  11:01  Viking x2  
  100  11:03  Viking  
  106  11:05  Marauder  
  106  11:08  Marine  
  89  11:26  Marine, Marauder  
  89  11:30  SCV  
  93  11:42  SCV  
  93  11:44  Marine  
  93  11:48  Marauder  
  95  11:54  SCV  
  96  12:06  SCV  
  96  12:07  Terran Infantry Weapons Level 2  
  97  12:08  Marine  
  97  12:11  Terran Infantry Armor Level 2  
  97  12:15  Terran Vehicle And Ship Armor Level 2  
  98  12:18  SCV  
  98  12:21  Armory  
  99  12:24  Armory  
  99  12:31  SCV  
  96  12:51  Viking x2  
  96  12:52  Viking  
  102  13:11  Planetary Fortress  
  102  13:21  Viking x2  
  60  14:07  Marine  
  50  14:25  Marine  
  50  14:27  Marine  
  50  14:29  Viking x3  
  57  14:43  Hellion, Marine  
  57  14:45  Marine  
  50  14:59  Viking  
  52  15:01  Marine, Planetary Fortress  
  52  15:03  Marine  
  52  15:04  Hellion  
  50  15:13  Thor  
  53  15:19  Marine  
  53  15:21  Marine  
  55  15:24  SCV  
  55  15:26  Hellion  
  53  15:36  SCV  
  53  15:37  Marine  
  53  15:40  Marine  
  49  15:45  Viking x3  
  49  15:48  SCV  
  56  15:54  Supply Depot  
  28  16:20  Supply Depot x2  
  28  16:22  Barracks x2, Supply Depot  
  22  16:26  Engineering Bay  
  22  16:34  Viking x2  
  24  17:13  Marine x2  
  24  17:14  Factory  
  24  17:15  Factory  
  25  17:30  Marine  
  25  17:31  Marine  
  27  17:38  Bunker  
  27  17:40  Bunker  
  27  17:48  Marine  
  27  17:49  Marine  
  27  17:58  Factory Tech Lab  
  27  17:59  Factory Tech Lab  
  27  18:06  Marine  
  27  18:07  Marine  
  27  18:08  Starport  
  27  18:10  Starport  
  29  18:18  SCV  
  30  18:24  Marine x2  
  32  18:30  SCV  
  32  18:34  Missile Turret x2  
  33  18:35  Missile Turret x2  
  33  18:42  Marine x2, SCV  
  33  18:47  Siege Tank  
  39  18:51  Siege Tank  
  39  18:54  SCV  
  39  18:55  Refinery  
  43  19:00  Marine x2  
  45  19:16  Missile Turret  
  45  19:17  Marine  
  45  19:18  Marine  
  46  19:35  Marine  
  46  19:36  Marine  
  48  19:42  Widow Mine x2  
  52  19:48  Missile Turret x2  
  52  19:53  Marine  
  52  19:54  Marine  
  54  20:16  Medivac  
  53  21:01  Starport Tech Lab  
Tags
 
Matchup
TvT
Race
Terran
Spawn Locations
Cross Positions
Add a new tag
Caveats
  • Supply blocks, unpowered buildings, or Contaminate may cause inaccurate times.
  • Supply counts are checked every 10 seconds.